 Dungeon Crawl Stone Soup version 0.21.1-1-g345015f (webtiles) character file.

774 n0claF the Ducker (level 7, -1/55 HPs)
             Began as a Demonspawn Gladiator on June 22, 2018.
             Succumbed to a killer bee's poison
             ... on level 5 of the Dungeon.
             The game lasted 00:12:54 (3202 turns).

n0claF the Ducker (Demonspawn Gladiator)            Turns: 3202, Time: 00:12:55

Health: -1/55      AC: 14    Str: 17    XL:     7   Next: 53%
Magic:  7/7        EV:  9    Int:  9    God:
Gold:   232        SH:  0    Dex: 14    Spells: 6/6 levels left

rFire    . . .     SeeInvis .   p - +0 war axe
rCold    . . .     Gourm    .   (no shield)
rNeg     . . .     Faith    .   m - +0 shadow dragon scales
rPois    .         Spirit   .   (helmet restricted)
rElec    .         Reflect  .   (no cloak)
rCorr    .         Harm     .   (no gloves)
MR       .....                  (no boots)
Stlth    ++........             (no amulet)
HPRegen  0.18/turn              (no ring)
MPRegen  0.10/turn              (no ring)

@: lethally poisoned (-1 -> -12)
A: antennae 1, thin metallic scales 2, powered by pain 1
a: no special abilities


You were on level 5 of the Dungeon.
You were not hungry.

You visited 1 branch of the dungeon, and saw 5 of its levels.

You collected 232 gold pieces.

Inventory:

Hand Weapons
 p - a +0 war axe (weapon)
   (You found it on level 3 of the Dungeon)
Missiles
 d - 3 throwing nets (quivered) {!f}
Armour
 m - +0 shadow dragon scales (worn)
   (You found it on level 2 of the Dungeon)
Wands
 t - a wand of flame (1)
   (You took it off a crimson imp on level 4 of the Dungeon)
 x - a wand of acid (10)
   (You found it on level 4 of the Dungeon)
Scrolls
 b - 2 scrolls of enchant armour {unknown}
 f - 2 scrolls of identify {unknown}
 g - 2 scrolls of noise {unknown}
 j - a scroll of amnesia {unknown}
 k - a scroll of fog {unknown}
 l - 2 scrolls of blinking {unknown}
 n - a scroll of magic mapping {unknown}
 o - a scroll of teleportation {unknown}
Potions
 h - a potion of heal wounds {unknown}
 i - 2 potions of flight {unknown}
 q - a potion of mutation {unknown}
 r - a potion of magic {unknown}
Books
 a - a book of Maledictions
   (You found it on level 5 of the Dungeon)


   Skills:
 + Level 4.5 Fighting
 + Level 4.7 Axes
 - Level 1.7 Throwing
 + Level 3.5 Armour
 + Level 4.7 Dodging


You had 6 spell levels left.
You didn't know any spells.

Dungeon Overview and Level Annotations

Branches:
Dungeon (5/15)
 Temple: D:4-7

Altars:
Cheibriados
Elyvilon
Gozag
Kikubaaqudgha
Makhleb
Nemelex Xobeh
Sif Muna
Vehumet
Zin


Innate Abilities, Weirdness & Mutations

You have a pair of small antennae on your head.
You are mostly covered in thin metallic scales. (AC +3)
You sometimes gain a little power by taking damage.


Message History

The killer bee barely misses you.
It was a potion of curing.
You feel better. The killer bee stings you.
* * * LOW HITPOINT WARNING * * *
You are poisoned.
The killer bee poisons you! The killer bee closely misses you.
You barely miss the killer bee.
You feel sick. The killer bee barely misses you.
The killer bee stings you but does no damage. x2
You miss the killer bee.
You feel sick.
The killer bee stings you but does no damage.
The killer bee closely misses you.
You miss the killer bee.
You feel sick. The killer bee closely misses you.
The killer bee stings you but does no damage. x2
You barely miss the killer bee. The killer bee barely misses you.
The killer bee stings you but does no damage.
The killer bee completely misses you.
You miss the killer bee.
You feel sick.
The killer bee stings you but does no damage.
The killer bee barely misses you.
You barely miss the killer bee. The killer bee barely misses you.
The killer bee stings you.
* * * LOW HITPOINT WARNING * * *
The killer bee stings you but does no damage.
You slash the killer bee!
You feel sick. The killer bee closely misses you.
The killer bee stings you but does no damage.
You closely miss the killer bee. The killer bee barely misses you. x2
The killer bee stings you but does no damage.
You completely miss the killer bee. The killer bee barely misses you.
The killer bee stings you but does no damage.
You barely miss the killer bee.
You feel sick. The killer bee stings you.
* * * LOW HITPOINT WARNING * * *
The killer bee completely misses you.
The killer bee stings you but does no damage.
You feel better. The killer bee barely misses you.
The killer bee closely misses you.
You miss the killer bee.
The killer bee stings you but does no damage. x2
The killer bee barely misses you.
You closely miss the killer bee. The killer bee barely misses you.
The killer bee completely misses you.
You slash the killer bee! The killer bee stings you.
* * * LOW HITPOINT WARNING * * *
You are poisoned.
The killer bee poisons you!
The killer bee stings you but does no damage.
The killer bee stings you!
* * * LOW HITPOINT WARNING * * *
You are more poisoned.
The killer bee poisons you!
You die...

### ..# #.### ..
#yS.#.... #yyy.....
#y# #.# # #@# #.
#.# ###<########.#
.. .....#.....#.#
##.#
.............##...#
...................
..........<.....###
.......)........#
.......)........##
.


You could see 4 killer bees and an adder.

Vanquished Creatures
  A hungry ghost (D:4)
  The ghost of nicolaieve the Chopper, an amateur MiBe of Trog (D:3)
  A centaur (D:5)
  An ogre (D:5)
  A killer bee (D:5)
  A crimson imp (D:4)
  An orc priest (D:3)
  An orc wizard (D:3)
  A worker ant (D:4)
  2 iguanas (D:4)
  8 adders
  3 worms
  3 dart slugs
  5 leopard geckos (D:2)
  5 orcs
  2 ball pythons
  7 bats
  4 giant cockroaches
  10 goblins
  10 hobgoblins
  3 jackals (D:1)
  A quokka (D:2)
  2 frilled lizards
  10 kobolds
  9 rats
93 creatures vanquished.

Notes
Turn   | Place    | Note
-------+----------+-------------------------------------------
     0 | D:1      | n0claF the Demonspawn Gladiator began the quest for the Orb.
     0 | D:1      | Reached XP level 1. HP: 16/16 MP: 1/1
   234 | D:1      | Gained mutation: You have a pair of small antennae on your head. [demonic ancestry]
   234 | D:1      | Reached XP level 2. HP: 22/22 MP: 2/2
   605 | D:2      | Reached skill level 1 in Armour
   607 | D:2      | Gained mutation: You are partially covered in thin metallic scales. (AC +2) [demonic ancestry]
   607 | D:2      | Reached XP level 3. HP: 28/28 MP: 3/3
   969 | D:2      | Reached XP level 4. HP: 23/34 MP: 4/4
  1559 | D:3      | Noticed nicolaieve's ghost (amateur MiBe)
  1596 | D:3      | Killed nicolaieve's ghost
  1596 | D:3      | Reached XP level 5. HP: 19/41 MP: 5/5
  2104 | D:3      | Gained mutation: You are mostly covered in thin metallic scales. (AC +3) [demonic ancestry]
  2104 | D:3      | Reached XP level 6. HP: 23/47 MP: 6/6
  2159 | D:3      | Found a sparkling altar of Nemelex Xobeh.
  2165 | D:3      | Found a deep blue altar of Sif Muna.
  2166 | D:3      | Found an opulent altar of Gozag.
  2167 | D:3      | Found an ancient bone altar of Kikubaaqudgha.
  2168 | D:3      | Found a glowing silver altar of Zin.
  2169 | D:3      | Found a snail-covered altar of Cheibriados.
  2175 | D:3      | Found a white marble altar of Elyvilon.
  2383 | D:4      | Found a burning altar of Makhleb.
  2384 | D:4      | Found a radiant altar of Vehumet.
  2728 | D:4      | Noticed a hungry ghost
  2935 | D:4      | Killed a hungry ghost
  2935 | D:4      | Gained mutation: You sometimes gain a little power by taking damage. [demonic ancestry]
  2935 | D:4      | Reached XP level 7. HP: 37/54 MP: 7/7
  3126 | D:5      | Entered Level 5 of the Dungeon
  3201 | D:5      | HP: 1/55 [killer bee (7)]
  3202 | D:5      | Succumbed to a killer bee's poison

Skill      XL: |  1  2  3  4  5  6 |
---------------+-------------------+-----
Dodging        | 3 4 |  4.7
Axes           | 3 4 |  4.7
Armour         | 1 2 3 |  3.5
Fighting       | 3 4 |  4.5
Throwing       | |  1.7

Action                   |  1- 3 |  4- 6 |  7- 9 || total
-------------------------+-------+-------+-------++-------
Melee: War axe           |   110 |   221 |    29 ||   360
  Use: Potion            |       |       |     2 ||     2
 Stab: Sleeping          |       |     4 |       ||     4
  Eat: Chunk             |       |     9 |       ||     9
       Ration            |       |     4 |     1 ||     5
Armor: Leather armour    |    28 |       |       ||    28
       Shadow dragon sca |    13 |   170 |    29 ||   212
Dodge: Dodged            |    74 |   107 |    32 ||   213
